 Dungeon Crawl Stone Soup version 0.28.0-53-g5a82cb258f (webtiles) character file.

Game seed: 6017884407111519671

70 Gabide the Charlatan (level 4, -6/33 HPs)
             Began as a Human Artificer on June 17, 2022.
             Mangled by Crazy Yiuf
             ... wielding a +3 quarterstaff of chaos
              (7 damage)
             ... on level 2 of the Dungeon.
             The game lasted 00:01:34 (3046 turns).

Gabide the Charlatan (Human Artificer)              Turns: 3046, Time: 00:01:35

Health: -6/33      AC:  5    Str: 13    XL:     4   Next: 44%
Magic:  0/4        EV: 11    Int: 11    God:
Gold:   110        SH:  0    Dex: 15    Spells: 3/3 levels left

rFire   . . .      SeeInvis .   j - +0 spear (venom)
rCold   . . .      Faith    .   (no shield)
rNeg    . . .      Spirit   .   h - +0 ring mail
rPois   .          Reflect  .   (no helmet)
rElec   .          Harm     .   (no cloak)
rCorr   .          Rampage  .   (no gloves)
Will    .....                   (no boots)
Stlth   +.........              (no amulet)
HPRegen 0.11/turn               (no ring)
MPRegen 0.09/turn               (no ring)

@: no status effects
A: no striking features
a: no special abilities


You were on level 2 of the Dungeon.
You visited 1 branch of the dungeon, and saw 2 of its levels.

You collected 110 gold pieces.

Inventory:

Hand Weapons
 j - a +0 spear of venom (weapon)
Armour
 h - a +0 ring mail (worn)
Wands
 c - a wand of flame (15) (quivered)
 d - a wand of charming (15)
Scrolls
 a - a scroll of enchant armour {unknown}
 b - 2 scrolls of teleportation
 f - a scroll of noise {unknown}
 i - a scroll of magic mapping {unknown}
 l - a scroll of identify {unknown}
 m - a scroll of fog {unknown}
Potions
 g - a potion of lignification {unknown}
 k - a potion of haste {unknown}
Miscellaneous
 e - a piece from Xom's chessboard (15/15)


   Skills:
 + Level 2.3 Fighting
 - Level 2.0 Armour
 + Level 2.3 Dodging
 - Level 1.0 Stealth
 + Level 3.7 Evocations


You had 3 spell levels left.
You didn't know any spells.
Your spell library contained the following spells:

 Spells                   Type           Power      Damage    Failure   Level
 Confusing Touch          Hex            0%         N/A       92%         3
 Yara's Violent Unravell  Hex/Tmut       0%         3d3       100%        5
 Enfeeble                 Hex            0%         N/A       100%        7


Dungeon Overview and Level Annotations

Branches:
Dungeon (2/15)

Altars:

Annotations:
D:2 Crazy Yiuf


Message History

No target in view!
Found a mace.
Found a runed translucent door.
Crazy Yiuf shouts!
Crazy Yiuf yells, "Dawk poople sizzlefizz!"
Key pressed, stopping explore.
No target in view!
No target in view!
Crazy Yiuf sings, "Trees, trees, trees, circus!"
Okay, then.
As you read the scroll labelled DAUNNE ZANUT, it crumbles to dust.
You feel strangely unstable.
It was a scroll of teleportation.
You start waiting.
Your surroundings suddenly seem different.
There is a stone staircase leading up here.
There is a stone staircase leading down here.
Key pressed, stopping explore.
There is a stone staircase leading up here.
There is a stone staircase leading up here.
There is a stone staircase leading down here.
There is a stone staircase leading up here.
Key pressed, stopping explore.
Crazy Yiuf shouts!
Could not explore, unopened runed door.
You open the door. You hit Crazy Yiuf.
Crazy Yiuf is poisoned.
Crazy Yiuf is moderately wounded.
Crazy Yiuf hits you with a +3 quarterstaff of chaos.
You feel your power leaking away.
You closely miss Crazy Yiuf.
Crazy Yiuf is moderately wounded.
Crazy Yiuf hits you with a +3 quarterstaff of chaos!
You feel your power leaking away.
You hit Crazy Yiuf.
Crazy Yiuf looks as sick as possible!
Crazy Yiuf is moderately wounded.
Crazy Yiuf hits you with a +3 quarterstaff of chaos!
* * * LOW HITPOINT WARNING * * *
Crazy Yiuf freezes you.
* * * LOW HITPOINT WARNING * * *
Crazy Yiuf hits you with a +3 quarterstaff of chaos!
You die...

# #.#
#.............# #. #
#.######...........#
#. #
#.#.........##.....#
#. #
#.##################
#. ######.## #.
........# ##.
######.##### ### #..
##...+.## ###..)#
#### #..
#.......####@g...#
#..# #..
##.......#..##...#
##.# #..
###.+..#.### ###
#.#####.. ########
##........
#......... ###
####..####.. #.#
#.##..# #.. #.#
#.##..# #.( #.#
#.##..# #..


You could see Crazy Yiuf (extremely poisoned).

Vanquished Creatures
  An adder (D:2)
  A worm (D:2)
  A dart slug (D:1)
  5 bats
  6 endoplasms
  2 giant cockroaches (D:1)
  2 goblins (D:1)
  3 hobgoblins
  7 jackals
  A quokka (D:2)
  8 ball pythons
  3 frilled lizards
  6 kobolds
  6 rats
52 creatures vanquished.

Notes
Turn   | Place    | Note
-------+----------+-------------------------------------------
     0 | D:1      | Gabide the Human Artificer began the quest for the Orb.
     0 | D:1      | Reached XP level 1. HP: 15/15 MP: 1/1
   405 | D:1      | Reached XP level 2. HP: 20/21 MP: 2/2
  1299 | D:1      | Reached XP level 3. HP: 15/26 MP: 3/3
  1672 | D:1      | Found a faded altar of an unknown god.
  2201 | D:2      | Reached XP level 4. HP: 32/33 MP: 4/4
  2782 | D:2      | Found a runed translucent door.
  2783 | D:2      | Noticed Crazy Yiuf
  3046 | D:2      | HP: 1/33 [Crazy Yiuf/+3 quarterstaff of chaos (3)]
  3046 | D:2      | Mangled by Crazy Yiuf

Illustrated notes

Levels and vault maps discovered:
D:1:      erik_arrival_blinker_ship, layout_basic,
          chequers_ecumenical_altar_twisty, minivault_19
D:2:      layout_loops_ring, uniq_crazy_yiuf_cottage

Skill      XL: |  1  2  3 |
---------------+----------+-----
Dodging        | 2 |  2.3
Fighting       | 2 |  2.3
Armour         | |  2.0
Stealth        | |  1.0
Evocations     | |  3.7

Action                   |  1- 3 |  4- 6 || total
-------------------------+-------+-------++-------
Melee: Club              |    97 |       ||    97
       Spear             |    56 |    34 ||    90
       Punch             |     3 |       ||     3
  Use: Scroll            |       |     1 ||     1
 Stab: Sleeping          |     1 |     3 ||     4
Armor: Ring mail         |    54 |     5 ||    59
       Leather armour    |     5 |       ||     5
Dodge: Dodged            |    95 |    13 ||   108
